 Dungeon Crawl Stone Soup version 0.31-a0-851-g7ff8af7976 (webtiles) character file.

Game seed: 2885295092992777889

1 LeprechaunX the Ruffian (level 1, -1/13 HPs)
             Began as an Octopode Shapeshifter on Oct 6, 2023.
             Slain by a jackal (2 damage)
             ... on level 1 of the Dungeon.
             The game lasted 00:00:16 (13 turns).

LeprechaunX the Ruffian (Octopode Shapeshifter)       Turns: 13, Time: 00:00:17

Health: -1/13      AC:  1    Str: 13    XL:     1   Next: 20%
Magic:  1/1        EV: 13    Int: 12    God:
Gold:   0          SH:  0    Dex: 11    Spells: 0/0 levels left

rFire   . .          .
                       - Unarmed
rCold   . . .        (no shield)
rNeg    . . .        (helmet currently unavailable)
rPois   .            (no amulet)
rElec   .            (no ring)
rCorr   .            (no ring)
SInv    .            (no ring)
Will    .....        (no ring)
Stlth   ++           (no ring)
HPRegen 0.22/turn    (no ring)
MPRegen 0.07/turn    (no ring)
                     (no ring)

%: no passive effects
@: beast-form
A: beast (slay +1), almost no armour, amphibious, 8 rings, camouflage 1,
gelatinous body 1, (nimble swimmer 1), tentacles
a: Begin Untransformation


You were on level 1 of the Dungeon.
You were a hulking beast.
You visited 1 branch of the dungeon, and saw 1 of its levels.

Inventory:

Talismans
 b - a beast talisman (active)
 c - a flux talisman
Potions
 a - a potion of lignification


   Skills:
 + Level 1.0 Fighting
 + Level 2.0 Dodging
 + Level 3.0 Unarmed Combat
 * Level 3.0 Shapeshifting


You couldn't memorise any spells.
You didn't know any spells.
Your spell library was empty.

Dungeon Overview and Level Annotations

Branches:
Dungeon (1/15)

Altars:


Innate Abilities, Weirdness & Mutations

You are a hulking beast.
Your limbs bulge with bestial killing power. (Slay +1)
You cannot wear most types of armour.
You are amphibious.
You can wear up to eight rings at the same time.
Your skin changes colour to match your surroundings (Stealth+).
Your rubbery body absorbs attacks. (AC +1, EV +1)
((You are camouflaged when in or above water. (Stealth+)))
You have tentacles for arms and can constrict up to eight enemies at once.


Message History

No target in view!
No target in view!
No target in view!
No target in view!
No target in view!
No target in view!
No target in view!
No target in view!
No target in view!
No target in view!
No target in view!
No target in view!
A rat comes into view.
You see here 8 gold pieces.
Found a scroll labelled IWIHEU QANI.
The jackal closely misses you. The jackal bites you.
You see here a white potion.
The jackal barks! x3
The jackal barely misses you.
You closely miss the jackal. You grab the jackal.
You constrict the jackal, but do no damage.
The jackal misses you.
A rat comes into view.
The jackal completely misses you.
You tentacle-slap the jackal but do no damage.
Your grab misses the jackal.
Your tentacle-slap misses the jackal.
You constrict the jackal. The jackal bites you. The jackal closely misses you.
The rat bites you.
You tentacle-slap the jackal.
You kill the jackal!
The jackal bites you but does no damage.
The jackal closely misses you. The jackal bites you.
The rat closely misses you.
A hobgoblin comes into view.
You closely miss the jackal. Your grab misses the jackal.
The jackal bites you. x2
* * * LOW HITPOINT WARNING * * *
The jackal bites you.
* * * LOW HITPOINT WARNING * * *
The jackal misses you. The jackal bites you.
You die...

#.....§.....≈....
.#......≈.$.≈§....
......§P≈..§≈P....
##......§..§≈§....
#.......≈..§≈.....
#......P≈.$.≈P....
#.......≈...≈.....
#.....h.!≈[≈......
#.....hhP≈.≈P.....
..r...hr.≈.≈......
.........≈.≈......
........P≈.§P.....
.........≈.≈......
...........§§...?
.....#..........
...g.##########


You could see 3 jackals, a hobgoblin and 2 rats.

Vanquished Creatures
  A jackal (D:1)
1 creature vanquished.

Notes
Turn   | Place    | Note
-------+----------+-------------------------------------------
     0 | D:1      | LeprechaunX the Octopode Shapeshifter began the quest for
                  | the Orb.
     0 | D:1      | Reached XP level 1. HP: 13/13 MP: 1/1
    13 | D:1      | Slain by a jackal

Illustrated notes

Levels and vault maps discovered:
D:1:      orjb1_lava_funnel, layout_rooms

Action                     || total
---------------------------++-------
  Melee: Unarmed           ||     4
         Constrict         ||     1
 Armour: Skin              ||     9
  Dodge: Dodged            ||     8

Table legend: (Time is in decaauts)
 A = Elapsed time spent in this place.
 B = Non-inter-level travel time spent in this place.
 C = Inter-level travel time spent in this place.
 D = Time resting spent in this place.
 E = Time spent auto-exploring this place.
 F = Levels seen in this place.
 G = Mean time per level.
                   A        B        C        D        E       F      G
               +--------+--------+--------+--------+--------+-----+--------+
         Total |     13 |     13 |      0 |      0 |      1 |   1 |   13.0 |
       Dungeon |     13 |     13 |      0 |      0 |      1 |   1 |   13.0 |
               +--------+--------+--------+--------+--------+-----+--------+

Top non-repeatable levels by time:
     D:1: 13 daAuts
